 Dungeon Crawl Stone Soup version 0.21-a0-140-g479285b (webtiles) character file.

11743 Moloch the Impaler (level 11, 0/90 HPs)
             Began as a Merfolk Fighter on July 19, 2017.
             Was a High Priest of Okawaru.
             Slain by a polar bear (8 damage)
             ... in an ice cave.
             The game lasted 00:26:33 (13338 turns).

Moloch the Impaler (Merfolk Fighter)               Turns: 13338, Time: 00:26:34

Health: 0/90       AC: 20    Str: 17    XL:     11   Next: 82%
Magic:  12/12      EV:  6    Int:  7    God:    Okawaru [*****.]
Gold:   150        SH:  9    Dex: 17    Spells: 10/10 levels left

rFire    x . .     SeeInvis .   a - +1 trident
rCold    + . .     Gourm    .   c - +0 shield
rNeg     . . .     Faith    .   H - +0 plate armour
rPois    +         Spirit   .   R - +1 helmet
rElec    .         Reflect  .   e - +0 cloak
rCorr    .         Harm     .   x - +0 pair of gloves
MR       .....                  M - +2 pair of boots {Stlth+}
Stlth    ..........             (no amulet)
HPRegen  0.25/turn              T - ring of poison resistance
MPRegen  0.13/turn              s - ring of ice

@: no status effects
A: change form in water, swift swim, stealthy swim
a: Heroism, Finesse, Renounce Religion


You were in an ice cave.
You worshipped Okawaru.
Okawaru was extremely pleased with you.
You were not hungry.

You visited 3 branches of the dungeon, and saw 13 of its levels.
You also visited: Ice Cave.

You collected 558 gold pieces.
You spent 408 gold pieces at shops.

Inventory:

Hand Weapons
 a - a +1 trident (weapon)
Missiles
 w - 12 javelins (quivered)
 F - a throwing net
Armour
 c - a +0 shield (worn)
 e - a +0 cloak (worn)
 x - a +0 pair of gloves (worn)
 H - a +0 plate armour (worn)
 M - a +2 pair of boots of stealth (worn)
 R - a +1 helmet (worn)
Jewellery
 s - a ring of ice (right hand)
 L - an uncursed ring of protection from fire
 T - a ring of poison resistance (left hand)
Wands
 y - a wand of random effects (25/48)
 z - a wand of confusion (19/48)
 D - a wand of polymorph (19/24)
 O - a wand of digging (6/24)
Scrolls
 g - a scroll of recharging
 h - 8 scrolls of teleportation
 j - 2 scrolls of amnesia
 k - 3 scrolls of fear
 m - 5 scrolls of remove curse
 p - a scroll of identify
 r - 3 scrolls of immolation
 t - a scroll of magic mapping
 v - a scroll of random uselessness {unknown}
 J - 3 scrolls of enchant armour
 K - a scroll of summoning {unknown}
 N - a scroll of blinking
Potions
 b - 2 potions of haste
 d - 2 potions of might
 i - 6 potions of curing
 q - 2 potions of agility
 u - 3 potions of magic
 A - a potion of brilliance
 B - a potion of mutation {unknown}
 G - a potion of berserk rage {unknown}
 P - 2 potions of lignification
 Q - a potion of resistance
Comestibles
 f - 8 bread rations
 l - 8 meat rations
 n - 5 royal jellies
 o - 19 fruits


   Skills:
 + Level 9.6 Fighting
 * Level 17.8 Polearms
 + Level 5.9 Armour
 * Level 7.4 Dodging
 - Level 3.0 Shields
 - Level 2.5 Invocations


You had 10 spell levels left.
You didn't know any spells.

Dungeon Overview and Level Annotations

Branches:
Dungeon (10/15)            Temple (1/1) D:6            Lair (2/6) D:8
 Spider (0/4) Lair:2
  Swamp: Lair:2-4    Shoals: Lair:2-4       Orc: D:9-12

Altars:
Ashenzari
Cheibriados
Dithmenos
Fedhas
Gozag
Hepliaklqana
Okawaru
Ru
Sif Muna
Trog
Xom
Zin
The Shining One

Shops:
D:4 (   D:5 *(   D:6 *   D:10 }

Annotations:
D:10 Nergalle


Message History

* * * LOW HITPOINT WARNING * * *
The polar bear barely misses you. The polar bear claws you.
* * * LOW HITPOINT WARNING * * *
You completely miss the polar bear.
The polar bear is moderately wounded.
The polar bear bites you.
* * * LOW HITPOINT WARNING * * *
You block the polar bear's attack.
The polar bear claws you but does no damage.
You barely miss the polar bear.
The polar bear is moderately wounded.
You hit the polar bear.
The polar bear is moderately wounded.
The polar bear bites you but does no damage.
You block the polar bear's attack.
The polar bear claws you but does no damage.
Your shield and plate armour prevent you from hitting the polar bear.
The polar bear is moderately wounded.
The polar bear bites you!
You die...

.## ##..### #≈≈# .#
##...## # #≈≈# ##
##.#.## #. #≈≈ #
#....####h.###≈# #
#...###.###Y..### #
##...###.####...# ##
##...#.####...##
.### ###...##...###
...#### ###.@h.###
##....## ######
####..######
###.....####
###########....####
##....########....##
....#....#######...#
∩.######....##....##
..# ####....####


You could see a polar bear.

Vanquished Creatures
  2 hydras
  A two-headed ogre (D:9)
  A rime drake (IceCv)
  A troll (D:9)
  4 polar bears (IceCv)
  A hippogriff (D:8)
  2 dream sheep (D:10)
  9 yaks
  A wyvern (D:10)
  The ghost of TotoDurand the Magician, an amateur DrTm of Ashenzari (D:4)
  A hungry ghost (D:10)
  Duvessa (D:4)
  2 water moccasins (D:5)
  2 porcupines
  An orc warrior (D:7)
  3 ice beasts
  A sky beast (D:4)
  A necrophage (D:10)
  4 ogres
  3 phantoms
  12 wolves
  4 crocodiles
  5 centaurs
  5 big kobolds
  6 bullfrogs
  Dowan (D:4)
  2 scorpions (D:9)
  9 killer bees
  3 crimson imps
  4 howler monkeys (D:7)
  7 hounds
  A bullfrog zombie (D:6)
  3 bullfrog skeletons
  A gnoll shaman (D:6)
  4 orc priests
  Crazy Yiuf (D:5)
  2 centaur skeletons
  An iguana (D:4)
  2 orc wizards
  7 hell rats
  5 worker ants
  A hound zombie (D:9)
  5 gnolls (D:6)
  A worker ant zombie (D:7)
  8 adders
  10 river rats (Lair:1)
  A shadow imp (D:9)
  12 white imps (Lair:2)
  An ooze (D:4)
  2 adder zombies
  An adder skeleton (D:3)
  A dart slug (D:2)
  2 leopard geckos
  33 orcs
  4 giant cockroaches
  10 goblins
  3 hobgoblins
  14 jackals
  13 quokkas
  A ball python (D:5)
  A ball python skeleton (D:4)
  A bat (D:3)
  2 frilled lizards
  13 kobolds
  A leopard gecko skeleton (D:5)
  A leopard gecko zombie (D:5)
  20 rats
289 creatures vanquished.

Vanquished Creatures (collateral kills)
  A killer bee (D:8)
1 creature vanquished.

Vanquished Creatures (others)
  2 plants (Lair:2)
2 creatures vanquished.

Grand Total: 292 creatures vanquished

Notes
Turn   | Place    | Note
-------+----------+-------------------------------------------
     0 | D:1      | Moloch the Merfolk Fighter began the quest for the Orb.
     0 | D:1      | Reached XP level 1. HP: 18/18 MP: 1/1
   397 | D:1      | Reached XP level 2. HP: 25/25 MP: 2/2
   904 | D:2      | Reached skill level 4 in Polearms
   904 | D:2      | Reached XP level 3. HP: 30/30 MP: 3/3
  1686 | D:3      | Reached skill level 5 in Polearms
  1686 | D:3      | Reached XP level 4. HP: 37/37 MP: 4/4
  1909 | D:3      | Noticed a centaur
  1931 | D:3      | Killed a centaur
  1931 | D:3      | Reached skill level 6 in Polearms
  1931 | D:3      | Reached XP level 5. HP: 8/43 MP: 5/5
  2461 | D:4      | Found Osilac's Weapon Boutique.
  2616 | D:4      | Noticed an ogre
  2672 | D:4      | Killed an ogre
  2672 | D:4      | Reached skill level 7 in Polearms
  2672 | D:4      | Reached XP level 6. HP: 49/49 MP: 6/6
  2716 | D:4      | Reached skill level 8 in Polearms
  2898 | D:4      | Noticed TotoDurand's ghost (amateur DrTm)
  2921 | D:4      | Killed TotoDurand's ghost
  2921 | D:4      | Reached skill level 9 in Polearms
  2921 | D:4      | Reached XP level 7. HP: 31/55 MP: 7/7
  3282 | D:4      | Reached skill level 10 in Polearms
  3355 | D:4      | Noticed Duvessa
  3355 | D:4      | Noticed Dowan
  3395 | D:4      | Killed Duvessa
  3395 | D:4      | Reached skill level 5 in Fighting
  3404 | D:4      | Killed Dowan
  3763 | D:4      | Reached skill level 11 in Polearms
  3806 | D:5      | Entered Level 5 of the Dungeon
  3906 | D:4      | Reached XP level 8. HP: 48/62 MP: 8/8
  4220 | D:5      | Reached skill level 12 in Polearms
  4275 | D:5      | Found Ubristeump's Antique Weapon Shop.
  4326 | D:5      | Found Paeddaca's Serpentskin Sales.
  5022 | D:5      | Reached skill level 13 in Polearms
  5044 | D:5      | Found a runed door.
  5265 | D:5      | Noticed Crazy Yiuf
  5270 | D:5      | Killed Crazy Yiuf
  5336 | D:6      | Found Usiulaur's General Store.
  5365 | D:6      | Bought a potion of heal wounds for 60 gold pieces
  5365 | D:6      | Bought 3 scrolls of teleportation for 108 gold pieces
  5530 | D:6      | Reached XP level 9. HP: 61/70 MP: 9/9
  5583 | D:6      | Reached skill level 14 in Polearms
  5624 | D:6      | Reached skill level 1 in Dodging
  5679 | D:6      | Found a staircase to the Ecumenical Temple.
  5756 | Temple   | Entered the Ecumenical Temple
  5775 | Temple   | Became a worshipper of Warmaster Okawaru
  6741 | D:7      | Reached * piety under Okawaru
  7248 | D:7      | Reached skill level 15 in Polearms
  7756 | D:8      | Found a staircase to the Lair.
  7829 | D:8      | Reached XP level 10. HP: 15/79 MP: 10/10
  8307 | D:8      | Reached ** piety under Okawaru
  8347 | D:8      | Reached skill level 1 in Invocations
  8932 | D:8      | Found a glowing golden altar of the Shining One.
  9404 | D:9      | Noticed a two-headed ogre
  9625 | D:9      | Killed a two-headed ogre
  9625 | D:9      | Reached *** piety under Okawaru
  9625 | D:9      | Received a gift from Okawaru
  9667 | D:9      | Reached skill level 16 in Polearms
  9667 | D:9      | Reached skill level 5 in Dodging
  9701 | D:9      | Found a shimmering altar of Xom.
  9934 | D:10     | Entered Level 10 of the Dungeon
 10193 | D:10     | Noticed a two-headed hydra
 10217 | D:10     | Killed a two-headed hydra
 10217 | D:10     | Reached **** piety under Okawaru
 10217 | D:10     | Reached XP level 11. HP: 84/87 MP: 12/12
 10454 | D:10     | Found Mackus's Gadget Emporium.
 10454 | D:10     | Noticed Nergalle
 10536 | D:10     | Noticed a spectral orc warlord
 10686 | D:10     | Reached skill level 5 in Armour
 10806 | D:6      | Bought an uncursed ring of poison resistance for 240 gold pieces
 10897 | Lair:1   | Entered Level 1 of the Lair of Beasts
 11311 | Lair:1   | Noticed a five-headed hydra
 11343 | Lair:1   | Killed a five-headed hydra
 11343 | Lair:1   | Reached skill level 17 in Polearms
 11628 | Lair:1   | Reached ***** piety under Okawaru
 12288 | Lair:2   | Found a frozen archway.
 12370 | IceCv    | Entered an ice cave
 12773 | IceCv    | Received a gift from Okawaru
 13012 | IceCv    | Got a scorched helmet {god gift}
 13023 | IceCv    | Identified the +0 helmet of Emuec {+Blink} (Okawaru gifted it to you in an ice cave)
 13338 | IceCv    | Slain by a polar bear

Vault maps used:
D:1:      elethiomel_arrival_maze
D:2:      chequers_big_river, minmay_pentomino_s4
D:4:      serial_shops, shop_statue, first_bread, uniq_duvessa
D:5:      serial_shops, shop, guppyfry_shop_venom, uniq_crazy_yiuf_cottage
D:6:      temple_doors_e, serial_shops, shop
D:8:      lemuel_coloured_pillars_altar, lair_entry_dummy, serial_glass,
          glass_columns_c, glass_columns_b, glass_columns_a, glass_columns_b
D:9:      basic_altar
D:10:     serial_shops, shop, hangedman_ranch, uniq_nergalle
Temple:   grunt_wide_crystal_templ
Lair:1:   lemuel_ratsnest
Lair:2:   spider_nest_entry_web_field, portal_ice_cave_entry_imps
IceCv:    ice_cave_caverns_01

Skill      XL: |  1  2  3  4  5  6  7  8  9 10 11 |
---------------+----------------------------------+-----
Fighting       | 4 5 6 7 8 9 |  9.6
Polearms       | 4 5 6 7 9 11 13 15 16 17 | 17.8
Dodging        | 3 5 7 |  7.4
Armour         | 3 4 5 |  5.9
Invocations    | 2 |  2.5
Shields        | |  3.0

Action                   |  1- 3 |  4- 6 |  7- 9 | 10-12 || total
-------------------------+-------+-------+-------+-------++-------
Melee: Trident           |   100 |   109 |   596 |   851 ||  1656
Throw: Javelin           |       |     2 |     2 |     1 ||     5
Evoke: Wand              |       |       |     7 |     2 ||     9
  Use: Potion            |       |     1 |     7 |     2 ||    10
       Scroll            |       |       |    14 |     7 ||    21
 Stab: Confused          |       |       |       |     2 ||     2
  Eat: Chunk             |     1 |     5 |    16 |    17 ||    39
       Fruit             |       |       |     1 |     5 ||     6
Armor: Scale mail        |    15 |       |       |       ||    15
       Ring mail         |    11 |    28 |    45 |       ||    84
       Chain mail        |       |       |    25 |       ||    25
       Plate armour      |       |       |    75 |   350 ||   425
Dodge: Dodged            |    26 |    23 |    73 |   128 ||   250
Block: Shield            |    28 |    39 |   145 |   264 ||   476
